 Dungeon Crawl Stone Soup version 0.28-a0-1510-gd0f6b136d3 (webtiles) character file.

Game seed: 14628886801210529596

2132 Shayle the Ducker (level 9, -2/66 HPs)
             Began as a Djinni Warper on Jan 15, 2022.
             Was an Initiate of Ashenzari.
             Slain by a wight (8 damage)
             ... on level 8 of the Dungeon.
             The game lasted 00:21:17 (9294 turns).

Shayle the Ducker (Djinni Warper)                   Turns: 9294, Time: 00:21:17

Health: -2/66      AC:  4    Str: 10    XL:     9   Next: 55%
Gold:   171        EV: 14    Int: 18    God:    Ashenzari [......] SH:  0 Dex: 14

rFire   + + .      SeeInvis .     - Unarmed
rCold   x . .      Faith    .   (no shield)
rNeg    . . .      Spirit   .   a - +0 leather armour
rPois   ∞          Reflect  .   (no helmet)
rElec   .          Harm     .   y - +0 cloak
rCorr   .          Rampage  .   (no gloves)
Will    .....                   (boots unavailable)
Stlth   +.........              (no amulet)
HPRegen 0.21/turn               g - +4 ring of slaying
MPRegen 0.00/turn               (no ring)

@: confused, ambrosia-drunk, on berserk cooldown, flying, slowed, very slow
A: sickness immunity, fire resistance 2, cold vulnerability 1, float, innate
caster, hp casting, extra vitality 1
a: Renounce Religion, Curse Item


You were on level 8 of the Dungeon.
You worshipped Ashenzari.
Ashenzari was noncommittal.
You visited 2 branches of the dungeon, and saw 9 of its levels.

You collected 171 gold pieces.

Inventory:

Missiles
 e - 11 poisoned darts (quivered)
 f - 6 atropa-tipped darts
Armour
 a - a +0 leather armour (worn)
 y - a +0 cloak (worn)
Jewellery
 g - a +4 ring of slaying (left hand)
 v - a +4 ring of protection
 x - a +6 ring of intelligence
Wands
 p - a wand of polymorph (8)
Scrolls
 i - a scroll of magic mapping
Potions
 b - a potion of degeneration {unknown}
 c - a potion of might {unknown}
 h - 3 potions of mutation
 o - 5 potions of flight
 r - a potion of invisibility {unknown}
 w - a potion of ambrosia


   Skills:
 + Level 6.2 Fighting
 - Level 0.7 Throwing
 - Level 1.0 Armour
 + Level 6.8 Dodging
 + Level 6.3 Unarmed Combat
 + Level 5.2 Spellcasting


You couldn't memorise any spells.
You knew the following spells:

 Your Spells              Type           Power      Damage    Failure   Level
a - Blink                 Tloc           46%        N/A       3%          2
b - Lesser Beckoning      Tloc           23%        N/A       6%          3
c - Gell's Gravitas       Tloc           23%        N/A       6%          3
d - Teleport Other        Tloc           23%        N/A       6%          3
e - Manifold Assault      Tloc           23%        N/A       50%         5
f - Magic Dart            Conj           92%        1d7       1%          1
g - Corpse Rot            Necr/Air       46%        N/A       3%          2
h - Searing Ray           Conj           46%        2d6       3%          2
i - Confusing Touch       Hex            23%        N/A       6%          3
Your spell library was empty.

Dungeon Overview and Level Annotations

Branches:
Dungeon (8/15)             Temple (1/1) D:5
   Lair: D:8-11

Altars:
Ashenzari
Elyvilon
Makhleb
Okawaru
Ru
Sif Muna
Wu Jian
The Shining One


Innate Abilities, Weirdness & Mutations

You are immune to sickness and miasma.
You are immune to poison.
Your flesh is very heat resistant. (rF++)
You are vulnerable to cold. (rC-)
You float through the air rather than walking.
You learn spells naturally, not from books.
Your magical power is your life essence.
You have superior vitality. (+4 MHP)


Message History

You punch the water moccasin!
You kill the water moccasin!
The wight misses you.
You see here a water moccasin corpse.
You punch the wight!
The wight is heavily damaged.
You punch the wight!
The wight is almost destroyed.
The wight closely misses you.
You hit the wight.
You destroy the wight!
You hit the wight. You punch the wight.
The wight is heavily damaged.
The wight hits you from afar with a +3 spear!
You pummel the wight!!
You destroy the wight!
The wight hits you from afar with a +3 spear!
* * * LOW HITPOINT WARNING * * *
Items here: )) [[.
You feel a strong urge to attack something.
Things that are here:
a +0 dagger; a +0 leather armour You are no longer berserk.
You are exhausted.
You feel yourself slow down.
The wight hits you from afar with a +3 spear.
* * * LOW HITPOINT WARNING * * *
Items here: )) [[.
The wight completely misses you.
You see here a water moccasin corpse.
You hit the wight.
The wight is lightly damaged.
The wight barely misses you. The wight hits you with a +3 spear!
* * * LOW HITPOINT WARNING * * *
Unknown command.
Okay, then.
It was a potion of ambrosia.
You are confused.
You feel invigorated. The wight hits you with a +3 spear!
You die...

##. #...... .#.. ......
## ##... ...z# .# #....#
...# #.# ...#.# .z# #.#
##...... #.# ##.####...#
#######.###...))@z# .
.......<....##.###......#
................5........
............#####.......#
.......###### ##.##.#
....... .. . ....... ..
....... ... ......#


You could see a wight.

Vanquished Creatures
  2 yaks (D:5)
  Menkaure (D:6)
  A water moccasin (D:8)
  An ice beast (D:5)
  An orc warrior (D:6)
  A black bear (D:5)
  2 ogres
  A centaur (D:6)
  2 phantoms
  3 scorpions
  A water moccasin skeleton (D:4)
  2 wights (D:8)
  2 howler monkeys
  3 jellies (D:6)
  2 orc priests
  3 hounds
  4 bullfrog skeletons
  A hound skeleton (D:5)
  6 adders
  7 gnolls
  A howler monkey skeleton (D:6)
  An ufetubus (D:5)
  A worm (D:3)
  2 dart slugs
  5 orcs
  6 ball pythons
  5 endoplasms
  3 giant cockroaches (D:2)
  7 goblins
  9 hobgoblins
  7 jackals
  4 kobolds
  2 quokkas
  7 bats
  2 frilled lizards
  4 rats
112 creatures vanquished.

Notes
Turn   | Place    | Note
-------+----------+-------------------------------------------
     0 | D:1      | Shayle the Djinni Warper began the quest for the Orb.
     0 | D:1      | Reached XP level 1. HP: 18/18 MP: 0/0
   196 | D:1      | Reached XP level 2. HP: 17/23 MP: 0/0
   706 | D:1      | Reached XP level 3. HP: 26/29 MP: 0/0
   706 | D:1      | Learned a level 1 spell: Magic Dart
  1132 | D:1      | Found a faded altar of an unknown god.
  1620 | D:2      | You are sucked into a shaft and drop 1 floor!
  1899 | D:3      | Reached XP level 4. HP: 22/34 MP: 0/0
  3509 | D:4      | Noticed a scorpion
  3551 | D:3      | Reached XP level 5. HP: 27/40 MP: 0/0
  3551 | D:3      | Learned a level 2 spell: Corpse Rot
  4094 | D:4      | Reached XP level 6. HP: 20/46 MP: 0/0
  4857 | D:4      | Found a glowing golden altar of the Shining One.
  5195 | D:5      | Entered Level 5 of the Dungeon
  5607 | D:5      | Noticed an ice beast
  5687 | D:5      | Noticed a black bear
  5895 | D:5      | Noticed a yak
  5895 | D:5      | Noticed a yak
  5896 | D:5      | Found a staircase to the Ecumenical Temple.
  5896 | D:5      | Noticed a yak
  5896 | D:5      | Noticed a yak
  5928 | D:5      | Noticed an ogre
  5942 | D:5      | Noticed a necrophage
  5946 | Temple   | Entered the Ecumenical Temple
  5951 | Temple   | Killed an ogre
  5952 | Temple   | Reached XP level 7. HP: 20/51 MP: 0/0
  5952 | Temple   | Learned a level 2 spell: Searing Ray
  6164 | Temple   | Became a worshipper of Ashenzari the Shackled
  7185 | D:5      | Reached XP level 8. HP: 35/58 MP: 0/0
  7229 | D:5      | Reached skill level 5 in Dodging
  7355 | D:5      | Killed a yak
  7362 | D:5      | Killed a yak
  7363 | D:5      | Reached skill level 5 in Fighting
  7363 | D:5      | Reached skill level 5 in Unarmed Combat
  8073 | D:6      | Noticed Menkaure
  8076 | D:6      | Killed Menkaure
  8110 | D:6      | Reached XP level 9. HP: 59/65 MP: 0/0
  8110 | D:6      | Learned a level 3 spell: Confusing Touch
  8860 | D:6      | Reached skill level 5 in Spellcasting
  9293 | D:8      | HP: 1/66 [wight (9)]
  9294 | D:8      | Slain by a wight

Illustrated notes

Levels and vault maps discovered:
D:1:      kennysheep_arrival_forest, layout_rooms,
          hellmonk_ecumenical_altar_heavens_door
D:2:      layout_loops_ring
D:3:      layout_basic, serial_corexii_hall, corexii_hall_statues_t,
          chequers_hall_statues_wall_a, corexii_hall_statues_i,
          corexii_hall_statues_l
D:4:      layout_loops_ring, tso_metal_star
D:5:      layout_loops_corners, minmay_temple_entry_large_hall,
          kennysheep_nondescript
D:6:      layout_rooms, hangedman_decor_slide_cut, uniq_menkaure
D:7:      layout_loops_ring, grunt_temple_overflow_open, serial_park_tiny_1,
          nicolae_shop_fire_sale [nicolae_sub_dead_trees], st_stairs_4,
          minivault_26, uniq_harold
D:8:      layout_rooms
Temple:   regret_index_temple_waves

Skill      XL: |  1  2  3  4  5  6  7  8  9 |
---------------+----------------------------+-----
Dodging        | 3 4 6 |  6.8
Unarmed Combat | 3 4 5 6 |  6.3
Spellcasting   | 3 4 5 |  5.2
Fighting       | 3 4 5 6 |  6.2
Throwing       | |  0.7
Armour         | |  1.0

Action                   |  1- 3 |  4- 6 |  7- 9 || total
-------------------------+-------+-------+-------++-------
Melee: Unarmed           |    76 |    38 |    58 ||   172
       Punch             |       |     1 |     5 ||     6
Throw: Boomerang         |       |     4 |     1 ||     5
       Dart              |       |       |     5 ||     5
 Cast: Magic Dart        |    48 |   120 |       ||   168
       Teleport Other    |       |     3 |       ||     3
       Corpse Rot        |       |     1 |     1 ||     2
       Blink             |       |     1 |       ||     1
       Searing Ray       |       |       |    33 ||    33
Evoke: Wand              |       |     2 |     6 ||     8
  Use: Potion            |       |     4 |     2 ||     6
       Scroll            |       |     5 |     9 ||    14
Armor: Leather armour    |    26 |    37 |    22 ||    85
Dodge: Dodged            |    52 |   116 |    90 ||   258

Table legend: (Time is in decaauts)
 A = Elapsed time spent in this place.
 B = Non-inter-level travel time spent in this place.
 C = Inter-level travel time spent in this place.
 D = Time resting spent in this place.
 E = Time spent auto-exploring this place.
 F = Levels seen in this place.
 G = Mean time per level.
                   A        B        C        D        E       F      G
               +--------+--------+--------+--------+--------+-----+--------+
         Total |   9292 |   9017 |    275 |   2474 |   4907 |   9 | 1032.4 |
       Dungeon |   9058 |   8783 |    275 |   2297 |   4907 |   8 | 1132.2 |
        Temple |    233 |    233 |      0 |    177 |      0 |   1 |  233.0 |
               +--------+--------+--------+--------+--------+-----+--------+

Top non-repeatable levels by time:
     D:3: 2252 daAuts
     D:5: 2132 daAuts
     D:6: 1346 daAuts
     D:1: 1289 daAuts
     D:4: 1219 daAuts
     D:2: 768 daAuts
  Temple: 233 daAuts
     D:8: 26 daAuts
     D:7: 23 daAuts
